Map: Automaton LE

Players

aard - Winner!

  • Race: Protoss Protoss
  • Spawn Location: 9:00

VOD

Have the link to the VOD?

Description

Time

  • Played on: April 15, 2019, 9:04 a.m.
  • Length: 8:24
Show
View Real Time Build Order
Export as new Build Order

aard Protoss - Winner!

Build Orders:  

Get SALT Encoding   

  12  0:03  Probe (Chrono Boost)  
  13  0:14  Probe (Chrono Boost)  
  14  0:30  Probe (Chrono Boost), Pylon  
  15  0:55  Gateway  
  15  0:57  Probe (Chrono Boost)  
  16  1:12  Assimilator  
  16  1:14  Probe (Chrono Boost)  
  17  1:20  Assimilator  
  18  1:31  Probe (Chrono Boost)  
  18  1:45  Gateway  
  18  1:48  Probe (Chrono Boost)  
  19  2:02  Cybernetics Core  
  20  2:11  Pylon  
  20  2:12  Probe (Chrono Boost)  
  20  2:29  Zealot, Probe (Chrono Boost)  
  23  2:46  Probe (Chrono Boost)  
  24  3:09  Stargate  
  24  3:16  Gateway  
  24  3:23  Pylon  
  24  3:24  Probe (Chrono Boost)  
  25  3:33  Stalker  
  27  3:56  Void Ray  
  27  4:11  Pylon  
  27  4:12  Warp Gate  
  31  4:21  Stalker  
  33  4:34  Pylon  
  33  4:56  Void Ray  
  37  5:25  Stalker x2  
  41  5:36  Stalker  
  43  5:59  Stalker  
  45  6:15  Stalker x2  
  49  6:42  Void Ray  
  49  6:47  Nexus  
  51  7:52  Assimilator  
  51  7:59  Stalker  
  53  8:00  Stalker  
Tags
 
League
Gold
Matchup
Co-op
Add a new tag
Caveats
  • Supply blocks, unpowered buildings, or Contaminate may cause inaccurate times.
  • Supply counts are checked every 10 seconds.